 Dungeon Crawl Stone Soup version 0.26-a0-662-g8b9c6dab81 (webtiles) character file.

Game seed: 10419724835596938529

4376 timneilson the Blocker (level 10, -15/61 HPs)
             Began as a Gargoyle Fighter on Oct 9, 2020.
             Was a Priest of Okawaru.
             Killed by the air
             ... invoked by Gastronok
              (29 damage)
             ... on level 8 of the Dungeon.
             The game lasted 00:19:22 (9701 turns).

timneilson the Blocker (Gargoyle Fighter)           Turns: 9701, Time: 00:19:23

Health: -15/61     AC: 29    Str: 23    XL:     10   Next: 35%
Magic:  11/12      EV: 12    Int: 12    God:    Okawaru [***...]
Gold:   422        SH: 13    Dex:  9    Spells: 9/9 levels left

rFire    . . .     SeeInvis .   t - +3 long sword
rCold    . . .     Faith    +   c - +0 kite shield
rNeg     + . .     Spirit   .   F - +4 scale mail
rPois    ∞         Reflect  .   a - +0 helmet {Int+3}
rElec    +         Harm     .   (no cloak)
rCorr    .         Rampage  .   v - +0 pair of gloves
MR       .....                  q - +0 pair of boots
Stlth    ++........             D - amulet of faith
HPRegen  0.20/turn              l - +4 ring of protection
MPRegen  0.13/turn              f - ring of stealth

@: heroism, slowed, very slow
A: negative energy resistance 1, electricity resistance, unbreathing,
petrification resistance, rot immunity, AC +7
a: Heroism, Renounce Religion


You were on level 8 of the Dungeon.
You worshipped Okawaru.
Okawaru was most pleased with you.
You visited 2 branches of the dungeon, and saw 9 of its levels.
You also visited: Sewer.

You collected 422 gold pieces.

Inventory:

Hand Weapons
 t - a +3 long sword (weapon)
Armour
 a - a +0 helmet of intelligence (worn)
 c - a +0 kite shield (worn)
 p - a +0 plate armour
 q - a +0 pair of boots (worn)
 v - a +0 pair of gloves (worn)
 F - a +4 scale mail (worn)
Jewellery
 f - a ring of stealth (right hand)
 l - a +4 ring of protection (left hand)
 D - an amulet of faith (around neck)
 E - a +4 ring of protection
Wands
 o - a wand of random effects (10)
 A - a wand of digging (5)
Scrolls
 b - 5 scrolls of identify
 e - 5 scrolls of amnesia
 g - 8 scrolls of teleportation
 i - a scroll of blinking
 j - 3 scrolls of fear
 n - 2 scrolls of fog
 r - 4 scrolls of remove curse
 u - a scroll of enchant weapon
 y - a scroll of magic mapping
Potions
 d - a potion of resistance
 h - 2 potions of mutation
 k - 3 potions of flight
 m - 5 potions of curing
 s - 2 potions of stabbing
 w - a potion of ambrosia
 x - a potion of heal wounds
 z - 3 potions of lignification
 B - 2 potions of berserk rage
 C - 2 potions of haste
 G - a potion of invisibility


   Skills:
 + Level 6.5(11.5) Fighting
 * Level 7.0(12.0) Long Blades
 * Level 8.8(13.8) Armour
 * Level 8.8(13.8) Shields
 + Level 3.7 Invocations
 + Level 3.1 Evocations


You had 9 spell levels left.
You didn't know any spells.
Your spell library contained the following spells:

 Spells                   Type           Power        Failure   Level
 Corona                   Hex            #......      58%         1
 Slow                     Hex            #.......     75%         2
 Inner Flame              Hex/Fire       #.......     92%         3
 Portal Projectile        Hex/Tloc       #.....       92%         3
 Cause Fear               Hex            #.........   100%        4
 Leda's Liquefaction      Hex/Erth       #.........   100%        4


Dungeon Overview and Level Annotations

Branches:
Dungeon (8/15)             Temple (1/1) D:5            Lair (0/6) D:8
  Sewer (visited)

Altars:
Ashenzari
Cheibriados
Dithmenos
Elyvilon
Fedhas
Gozag
Hepliaklqana
Kikubaaqudgha
Makhleb
Nemelex Xobeh
Okawaru
Qazlal
Ru
Sif Muna
Trog
Uskayaw
Vehumet
Wu Jian
Xom
Yredelemnul
Zin
The Shining One

Annotations:
D:8 Gastronok


Innate Abilities, Weirdness & Mutations

You are resistant to torment.
Your stone body is resilient. (AC +7)
You are immune to poison.
You resist negative energy. (rN+)
You are resistant to electric shocks. (rElec)
You can survive without breathing.
You are immune to petrification.
You are immune to rotting.


Message History

You slash Gastronok!
Gastronok is severely wounded.
Gastronok waves his eye-stalks in wide circles.
The air twists around and strikes you.
You hit Gastronok.
Gastronok is severely wounded.
You slash Gastronok!
Gastronok is almost dead.
Gastronok bites you!
* * * LOW HITPOINT WARNING * * *
You slash Gastronok!
Gastronok is almost dead.
Gastronok bites you but does no damage.
You slash Gastronok!
Gastronok is almost dead.
You slash Gastronok!
Gastronok is almost dead.
Gastronok waves his eye-stalks in wide circles.
The air twists around and strikes you!!
You die...

(##.........##......#
###..........#......#
.##......#...#......#
.##......#..........#
.##.....###.........#
..#....##,##......>.#
......##,,,##.......#
.....##..8..##..##.##
#...##..8.8..##.@...#
..###,.8._.8.,###w..#
....#*..8.8..##...###
..#..#+..8..##..###
.##...##...##.l##***
.#**...#*,*#......?#
........**#........#
[.......,#.........#
...##***,#w........#


You could see Gastronok.

Vanquished Creatures
  Harold (D:7)
  Sigmund (D:2)
  3 ice beasts
  3 orc warriors
  2 phantoms
  A black bear (D:6)
  An ogre (D:7)
  2 centaurs (D:8)
  3 big kobolds (Sewer)
  Blork the orc (D:6)
  3 bullfrogs
  A water moccasin zombie (D:7)
  3 killer bees
  5 wights (D:4)
  3 vampire bats (D:6)
  3 howler monkeys
  A bullfrog zombie (D:8)
  A centaur zombie (D:4)
  3 hounds
  2 jellies
  2 centaur skeletons
  5 orc priests
  7 orc wizards
  3 iguanas
  Ijyb (D:5)
  9 worker ants
  Robin (D:4)
  2 worker ant zombies
  9 gnolls
  13 adders
  2 river rats (Sewer)
  4 white imps
  5 oozes
  2 ufetubi
  An adder skeleton (D:4)
  An adder zombie (D:8)
  5 worms
  5 dart slugs
  4 leopard geckos
  30 orcs
  3 ball pythons
  2 bat skeletons (D:6)
  4 bat zombies (D:6)
  5 giant cockroaches
  10 goblins
  9 hobgoblins
  9 jackals
  5 quokkas
  A ball python skeleton (D:4)
  7 bats
  6 frilled lizards
  2 jackal skeletons
  2 jackal zombies
  11 kobolds
  A leopard gecko zombie (D:6)
  17 rats
248 creatures vanquished.

Vanquished Creatures (others)
  A wizard (D:6)
1 creature vanquished.

Grand Total: 249 creatures vanquished

Notes
Turn   | Place    | Note
-------+----------+-------------------------------------------
     0 | D:1      | timneilson the Gargoyle Fighter began the quest for the
                  | Orb.
     0 | D:1      | Reached XP level 1. HP: 14/14 MP: 1/1
   215 | D:1      | Reached XP level 2. HP: 17/19 MP: 2/2
   494 | D:1      | Reached XP level 3. HP: 6/23 MP: 3/3
  1058 | D:2      | Found a sparkling altar of Nemelex Xobeh.
  1199 | D:2      | Reached XP level 4. HP: 23/28 MP: 4/4
  1425 | D:2      | Noticed Sigmund
  1453 | D:2      | Killed Sigmund
  1453 | D:2      | Reached XP level 5. HP: 11/33 MP: 5/5
  2073 | D:3      | Reached XP level 6. HP: 38/38 MP: 6/6
  2454 | D:3      | Found a glowing drain.
  2463 | Sewer    | Entered a sewer
  2575 | Sewer    | Reached skill level 5 in Armour
  2575 | Sewer    | Reached skill level 5 in Shields
  2797 | Sewer    | Reached XP level 7. HP: 41/43 MP: 7/7
  4175 | D:4      | You fall into a shaft and drop 3 floors!
  4175 | D:7      | Found a shadowy altar of Dithmenos.
  4439 | D:7      | Noticed Harold
  4575 | D:6      | Reached XP level 8. HP: 40/48 MP: 8/8
  4666 | D:5      | Entered Level 5 of the Dungeon
  4786 | D:5      | Reached skill level 5 in Fighting
  5155 | D:5      | Found a staircase to the Ecumenical Temple.
  5182 | D:5      | Reached skill level 5 in Long Blades
  5190 | Temple   | Entered the Ecumenical Temple
  5434 | Temple   | Became a worshipper of Warmaster Okawaru
  5717 | D:5      | Noticed Ijyb
  5796 | D:5      | Killed Ijyb
  6105 | D:5      | Reached skill level 1 in Invocations
  6499 | D:4      | Reached skill level 1 in Evocations
  6520 | D:4      | Reached XP level 9. HP: 53/54 MP: 10/10
  6549 | D:4      | Noticed Robin
  6598 | D:4      | Killed Robin
  6899 | D:4      | Found a burning altar of Makhleb.
  6901 | D:4      | Found a glowing silver altar of Zin.
  6907 | D:4      | Found a hide-covered altar of Uskayaw.
  7292 | D:6      | Reached * piety under Okawaru
  7446 | D:6      | Found a bloodstained altar of Trog.
  7447 | D:6      | Noticed a wizard
  7452 | D:6      | Killed a wizard
  7508 | D:6      | Noticed Blork the orc
  7515 | D:6      | Killed Blork the orc
  7530 | D:6      | Found an ancient bone altar of Kikubaaqudgha.
  7760 | D:6      | Found a stormy altar of Qazlal.
  8010 | D:7      | Found a broken altar of Ashenzari.
  8256 | D:7      | Found an ornate altar of the Wu Jian Council.
  8544 | D:7      | Found a basalt altar of Yredelemnul.
  8623 | D:7      | Reached ** piety under Okawaru
  8737 | D:7      | Killed Harold
  8737 | D:7      | Reached XP level 10. HP: 22/61 MP: 12/12
  9425 | D:8      | Reached *** piety under Okawaru
  9638 | D:8      | Found a glowing golden altar of the Shining One.
  9638 | D:8      | Found a staircase to the Lair.
  9660 | D:8      | Noticed Gastronok
  9701 | D:8      | Killed from afar by Gastronok

Illustrated notes

Levels and vault maps discovered:
D:1:      tarquinn_simple_flora_water_f, layout_basic
D:2:      layout_loops_ring, nemelex_xobeh_ov_fountains_minmay,
          minmay_randomly_rotated_circles, uniq_sigmund
D:3:      layout_basic, cheibrodos_sewer_entry_drain, nrook_mini_backslash,
          kennysheep_cluttered_room, minmay_ruptured
D:4:      layout_basic, minitemple, uniq_robin
D:5:      layout_layer_cave, minmay_temple_entry_wispy, minmay_checkerbox,
          uniq_ijyb
D:6:      layout_loops_ring, nicolae_qazlal_eye_of_the_storm,
          kennysheep_vampire_church, trog_wizard, uniq_blork_the_orc
D:7:      layout_loops_cross, nicolae_overflow_hidden_temple,
          lemuel_doored_altar, yredelemnul_altar_generic,
          nicolae_overflow_crystal_walls, minmay_misc_feat_square, uniq_harold
D:8:      layout_rooms, tso_metal_star, lair_entry_dummy, uniq_gastronok
Temple:   minmay_temple_curvy_loop

Skill      XL: |  1  2  3  4  5  6  7  8  9 10 |
---------------+-------------------------------+-----
Long Blades    | 2 3 4 5 6 7 |  7.0
Armour         | 4 5 6 7 8 |  8.8
Shields        | 4 5 6 7 8 |  8.8
Fighting       | 4 5 6 |  6.5
Invocations    | 1 3 |  3.7
Evocations     | 1 2 3 |  3.1

Action                   |  1- 3 |  4- 6 |  7- 9 | 10-12 || total
-------------------------+-------+-------+-------+-------++-------
Melee: Long sword        |    89 |   223 |   799 |   154 ||  1265
Invok: Heroism           |       |       |     1 |     4 ||     5
  Use: Potion            |     1 |       |     4 |       ||     5
       Scroll            |     8 |     5 |     9 |     1 ||    23
 Stab: Invisible         |       |       |     1 |       ||     1
Armor: Scale mail        |    42 |   134 |    58 |    37 ||   271
       Chain mail        |       |       |   400 |    40 ||   440
       Skin              |       |       |       |     1 ||     1
Dodge: Dodged            |    25 |    68 |   206 |    38 ||   337
Block: Kite shield       |    44 |   124 |   437 |    95 ||   700
       Rpst.: Long sword |     7 |    19 |    79 |    12 ||   117

Table legend: (Time is in decaauts)
 A = Elapsed time spent in this place.
 B = Non-inter-level travel time spent in this place.
 C = Inter-level travel time spent in this place.
 D = Time resting spent in this place.
 E = Time spent auto-exploring this place.
 F = Levels seen in this place.
 G = Mean time per level.
                   A        B        C        D        E       F      G
               +--------+--------+--------+--------+--------+-----+--------+
         Total |  10107 |   9799 |    308 |    150 |   6740 |  10 | 1010.7 |
       Dungeon |   8789 |   8549 |    240 |    150 |   5888 |   8 | 1098.6 |
        Temple |    277 |    209 |     68 |      0 |    207 |   1 |  277.0 |
         Sewer |   1040 |   1040 |      0 |      0 |    644 |   1 | 1040.0 |
               +--------+--------+--------+--------+--------+-----+--------+

Top non-repeatable levels by time:
     D:5: 1631 daAuts
     D:7: 1556 daAuts
     D:3: 1194 daAuts
     D:2: 1064 daAuts
     D:1: 1043 daAuts
   Sewer: 1040 daAuts
     D:6: 946 daAuts
     D:4: 885 daAuts
     D:8: 467 daAuts
  Temple: 277 daAuts
